 Dungeon Crawl Stone Soup version 0.31-a0-1237-gabc64e778c (webtiles) character file.

Game seed: 10827558058134310252

4 backslashecho the Chiller (level 1, 0/11 HPs)
             Began as an Octopode Ice Elementalist on Dec 15, 2023.
             Slain by an endoplasm (1 damage)
             ... on level 1 of the Dungeon.
             The game lasted 00:00:56 (265 turns).

backslashecho the Chiller (OpIE)                     Turns: 265, Time: 00:00:56

Health: 0/11       AC:  1    Str:  7    XL:     1   Next: 60%
Magic:  0/3        EV: 13    Int: 17    God:
Gold:   0          SH:  0    Dex: 12    Spells: 3/4 levels left

rFire   . . .        (no weapon)
rCold   . . .        (no shield)
rNeg    . . .        (helmet restricted)
rPois   .            (no amulet)
rElec   .            (no ring)
rCorr   .            (no ring)
SInv    .            (no ring)
Will    .....        (no ring)
Stlth   +++          (no ring)
HPRegen 0.21/turn    (no ring)
MPRegen 0.08/turn    (no ring)
                     (no ring)

%: no passive effects
@: no status effects
A: almost no armour, amphibious, 8 rings, camouflage 1, gelatinous body 1,
(nimble swimmer 1), tentacles
a: no special abilities


You were on level 1 of the Dungeon.
You visited 1 branch of the dungeon, and saw 1 of its levels.

Inventory:

Scrolls
 b - a scroll of identify {unknown}
Potions
 a - a potion of magic
 c - a potion of curing {unknown}


   Skills:
 - Level 2.0 Dodging
 * Level 3.0 Stealth
 + Level 2.0 Spellcasting
 * Level 4.1 Ice Magic


You had 3 spell levels left.
You knew the following spells:

 Your Spells              Type           Power      Damage    Failure   Level
a - Freeze                Ice            60%        1d7       3%          1

Your spell library contained the following spells:

 Spells                   Type           Power      Damage    Failure   Level
 Frozen Ramparts          Ice            30%        1d5       11%         3
 Ozocubu's Armour         Ice            15%        N/A       11%         3
 Summon Ice Beast         Ice/Summ       8%         N/A       63%         4


Dungeon Overview and Level Annotations

Branches:
Dungeon (1/15)

Altars:

Annotations:
D:1 1 exclusion


Innate Abilities, Weirdness & Mutations

You cannot wear most types of armour.
You are amphibious.
You can wear up to eight rings at the same time.
Your skin changes colour to match your surroundings (Stealth+).
Your rubbery body absorbs attacks. (AC +1, EV +1)
((You are camouflaged when in or above water. (Stealth+)))
You have tentacles for arms and can constrict up to eight enemies at once.


Message History

You freeze the endoplasm.
The endoplasm is lightly wounded.
The endoplasm freezes you.
You are frozen.
You take 4 damage, and have 7/11 hp.
MASSIVE DAMAGE!!
You now have 2/3 mp.
You tentacle-slap the endoplasm but do no damage.
You squeeze the endoplasm, but do no damage.
The endoplasm is lightly wounded.
The endoplasm barely misses you.
You tentacle-slap the endoplasm.
The endoplasm is lightly wounded.
The endoplasm closely misses you.
Casting: Freeze (safe; 3% risk of failure)
Confirm with . or Enter, or press ? or * to list all spells.
Aiming: Freeze (safe; 3% risk of failure)
Press: ? - help, Shift-Dir - straight line, f/p - endoplasm
Aim: an endoplasm (lightly wounded)
You freeze the endoplasm.
The endoplasm is moderately wounded.
The endoplasm barely misses you.
You now have 1/3 mp.
You tentacle-slap the endoplasm but do no damage.
The endoplasm is moderately wounded.
The endoplasm freezes you.
You are frozen.
You take 2 damage, and have 6/11 hp.
Casting: Freeze (safe; 3% risk of failure)
Confirm with . or Enter, or press ? or * to list all spells.
Aiming: Freeze (safe; 3% risk of failure)
Press: ? - help, Shift-Dir - straight line, f/p - endoplasm
Aim: an endoplasm (moderately wounded)
You freeze the endoplasm.
The endoplasm is heavily wounded.
The endoplasm hits you.
You take 1 damage, and have 5/11 hp.
You now have 0/3 mp.
You tentacle-slap the endoplasm but do no damage.
You squeeze the endoplasm.
The endoplasm is severely wounded.
The endoplasm hits you.
You barely miss the endoplasm.
The endoplasm is severely wounded.
The endoplasm freezes you.
You are frozen.
* * * LOW HITPOINT WARNING * * *
You take 4 damage, and have 1/11 hp.
MASSIVE DAMAGE!!
The endoplasm attacks as it pursues you!
The endoplasm completely misses you.
The endoplasm attacks as it pursues you!
The endoplasm hits you.
You die...

........##
#.#......############
.....................
....#########.#######
....#.......#.####
#)#.#.##.........#
....#.##.....###.#
#.###.##.....# #.#
#.# #.###....# #@#
#.###.÷÷##...# #J#
#.##..#####.## #.#
..#.÷## #.# #.#
..#..# ###.##.#
.##..# ##....# .....
.#..## †##.#..#
...... .##..##
.###.#..# ......
####..##.##.#.#...
......


You could see an endoplasm.

Vanquished Creatures
  A hobgoblin (D:1)
  2 ball pythons (D:1)
  A rat (D:1)
4 creatures vanquished.

Notes
Turn   | Place    | Note
-------+----------+-------------------------------------------
     0 | D:1      | backslashecho the Octopode Ice Elementalist began the quest
                  | for the Orb.
     0 | D:1      | Reached XP level 1. HP: 11/11 MP: 3/3
   265 | D:1      | Slain by an endoplasm

Illustrated notes

Levels and vault maps discovered:
D:1:      lemuel_arrival_funnel, layout_basic,
          wander_ebering_terrifying_dragon_lair

Skill      XL: |  1 |
---------------+----+-----
Stealth        | 3 |  3.0
Dodging        | |  2.0
Spellcasting   | |  2.0
Ice Magic      | |  4.1

Action                     || total
---------------------------++-------
  Melee: Unarmed           ||     6
         Tentacles         ||     3
         Constrict         ||     1
   Cast: Freeze            ||     9
   Stab: Sleeping          ||     1
 Armour: Skin              ||     3
  Dodge: Dodged            ||    10

Table legend: (Time is in decaauts)
 A = Elapsed time spent in this place.
 B = Non-inter-level travel time spent in this place.
 C = Inter-level travel time spent in this place.
 D = Time resting spent in this place.
 E = Time spent auto-exploring this place.
 F = Levels seen in this place.
 G = Mean time per level.
                   A        B        C        D        E       F      G
               +--------+--------+--------+--------+--------+-----+--------+
         Total |    265 |    265 |      0 |      0 |    207 |   1 |  265.0 |
       Dungeon |    265 |    265 |      0 |      0 |    207 |   1 |  265.0 |
               +--------+--------+--------+--------+--------+-----+--------+

Top non-repeatable levels by time:
     D:1: 265 daAuts
